 Dungeon Crawl Stone Soup version 0.32-a0-643-ga006e77 (webtiles) character file.

Game seed: 10008019173002714321

58 Meow the Conjurer (level 4, 36/36 HPs)
             Began as a Naga Conjurer on Mar 7, 2024.
             Quit the game on level 2 of the Dungeon.
             The game lasted 00:03:56 (1268 turns).

Meow the Conjurer (Naga Conjurer)                   Turns: 1268, Time: 00:03:56

Health: 36/36      AC:  3    Str: 10    XL:     4   Next: 1%
Magic:  8/8        EV:  9    Int: 20    God:
Gold:   85         SH:  0    Dex:  9    Spells: 6/9 levels left

rFire   . . .        a - +0 sling
rCold   . . .        (no shield)
rNeg    . . .        c - +0 robe
rPois   +            g - +0 helmet
rElec   .            (no cloak)
rCorr   .            (no gloves)
SInv    +            (no barding)
Will    .....        (no amulet)
Stlth   ++           (no ring)
HPRegen 0.26/turn    (no ring)
MPRegen 0.11/turn

%: no passive effects
@: very slow
A: AC +1, large, see invisible, deformed body, poison resistance, slowness 2,
spit poison 1, naga tail 1
a: Spit Poison


You were on level 2 of the Dungeon.
You visited 1 branch of the dungeon, and saw 2 of its levels.

You collected 85 gold pieces.

Inventory:

Hand Weapons
 a - a +0 sling (weapon)
 b - a +2 vampiric dagger
Missiles
 n - 5 stones
Armour
 c - a +0 robe (worn)
 g - a +0 helmet (worn)
 o - a +0 pair of gloves
Scrolls
 i - a scroll of teleportation
 l - a scroll of blinking {unknown}
 m - a scroll of enchant armour
Potions
 d - a potion of curing
 e - a potion of mutation {unknown}
 f - a potion of enlightenment {unknown}
 h - a potion of magic
 j - a potion of might {unknown}
 k - a potion of heal wounds {unknown}


   Skills:
 - Level 1.5 Dodging
 - Level 3.0 Stealth
 + Level 3.0 Spellcasting
 + Level 4.7 Conjurations


You had 6 spell levels left.
You knew the following spells:

 Your Spells              Type           Power      Damage    Failure   Level
a - Magic Dart            Conj           88%        1d7       1%          1
b - Searing Ray           Conj           44%        2d6       3%          2

Your spell library contained the following spells:

 Spells                   Type           Power      Damage    Failure   Level
 Fulminant Prism          Conj/Alch      6%         3d6       47%         4
 Iskenderun's Mystic Bla  Conj/Tloc      12%        2d5       47%         4


Dungeon Overview and Level Annotations

Branches:
Dungeon (2/15)

Altars:

Annotations:
D:2 Sigmund


Innate Abilities, Weirdness & Mutations

Your serpentine skin is tough. (AC +1)
You have supernaturally acute eyesight. (SInv)
Armour fits poorly on your strangely shaped body.
Your system is resistant to poisons. (rPois)
You cover ground very slowly.
You can spit poison.
You have a snake-like lower body.


Message History

Press: ? - help, Shift-Dir - straight line, f/p - rat
Aim: a rat (heavily wounded, 100% to hit)
The magic dart hits the rat.
You kill the rat!
l - a scroll labelled LUEPIM FEP A rat comes into view.
A rat is nearby!
Casting: Magic Dart (safe; 1% risk of failure)
Confirm with . or Enter, or press ? or * to list all spells.
Aiming: Magic Dart (safe; 1% risk of failure)
Press: ? - help, Shift-Dir - straight line, f - rat
Aim: a rat (100% to hit)
The magic dart hits the rat.
You kill the rat!
Casting: Magic Dart (safe; 1% risk of failure)
Confirm with . or Enter, or press ? or * to list all spells.
You can't see any susceptible monsters within range! (Use Z to cast anyway.)
You start resting.
A hobgoblin comes into view.
Casting: Magic Dart (safe; 1% risk of failure)
Confirm with . or Enter, or press ? or * to list all spells.
Aiming: Magic Dart (safe; 1% risk of failure)
Press: ? - help, Shift-Dir - straight line, f - hobgoblin
Aim: a hobgoblin (wandering, hasn't noticed you, 100% to hit)
The magic dart hits the hobgoblin.
The hobgoblin is almost dead.
Casting: Magic Dart (safe; 1% risk of failure)
Confirm with . or Enter, or press ? or * to list all spells.
Aiming: Magic Dart (safe; 1% risk of failure)
Press: ? - help, Shift-Dir - straight line, f/p - hobgoblin
Aim: a hobgoblin (almost dead, 100% to hit)
The magic dart hits the hobgoblin.
You kill the hobgoblin!
You have reached level 4!
You feel stronger.
You start resting.
Magic restored.
You see here a +0 pair of gloves.
o - a +0 pair of gloves Are you sure you want to abandon this character and quit the game? (Confirm with "yes".)

..#
#.....###......#
..# #####...#
..# #...# ..#
#...# .# #...#
#...# #...#
#...#######
#..@.......
#..........
###........
#........
#########


There were no monsters in sight!

Vanquished Creatures
  A gnoll (D:1)
  7 bats (D:1)
  4 endoplasms
  5 goblins
  4 hobgoblins
  4 jackals (D:1)
  A quokka (D:2)
  7 ball pythons
  5 frilled lizards (D:1)
  2 kobolds (D:1)
  3 rats
43 creatures vanquished.

Notes
Turn   | Place    | Note
-------+----------+-------------------------------------------
     0 | D:1      | Meow the Naga Conjurer began the quest for the Orb.
     0 | D:1      | Reached XP level 1. HP: 15/15 MP: 3/3
    61 | D:1      | Reached XP level 2. HP: 22/22 MP: 0/5
    83 | D:1      | Learned a level 2 spell: Searing Ray
   484 | D:1      | Reached XP level 3. HP: 28/28 MP: 6/6
  1028 | D:2      | Noticed Sigmund
  1214 | D:2      | Reached XP level 4. HP: 36/36 MP: 2/8
  1268 | D:2      | Quit the game

Illustrated notes

Levels and vault maps discovered:
D:1:      amcnicky_arrival_underground_garden, layout_loops_ring,
          minmay_tetromino_o4
D:2:      layout_basic, serial_shops, shop, minmay_unequal, uniq_terence,
          uniq_sigmund

Skill      XL: |  1  2  3 |
---------------+----------+-----
Spellcasting   | 3 |  3.0
Dodging        | |  1.5
Stealth        | |  3.0
Conjurations   | |  4.7

Action                     |  1- 3 |  4- 6 || total
---------------------------+-------+-------++-------
   Fire: Sling             |    10 |       ||    10
   Cast: Magic Dart        |    33 |       ||    33
         Searing Ray       |     7 |       ||     7
Ability: Spit Poison       |    21 |       ||    21
    Use: Scroll            |     3 |       ||     3
 Armour: Robe              |     4 |       ||     4
  Dodge: Dodged            |     6 |       ||     6

Table legend: (Time is in decaauts)
 A = Elapsed time spent in this place.
 B = Non-inter-level travel time spent in this place.
 C = Inter-level travel time spent in this place.
 D = Time resting spent in this place.
 E = Time spent auto-exploring this place.
 F = Levels seen in this place.
 G = Mean time per level.
                   A        B        C        D        E       F      G
               +--------+--------+--------+--------+--------+-----+--------+
         Total |   1567 |   1562 |      5 |    398 |    938 |   2 |  783.5 |
       Dungeon |   1567 |   1562 |      5 |    398 |    938 |   2 |  783.5 |
               +--------+--------+--------+--------+--------+-----+--------+

Top non-repeatable levels by time:
     D:1: 1305 daAuts
     D:2: 262 daAuts
